 Dungeon Crawl Stone Soup version 0.28-a0-381-g937acc2988 (webtiles) character file.

Game seed: 11193965854368658087

124 swashedbuckles the Slasher (level 4, -1/34 HPs)
             Began as a Demonspawn Gladiator on Sept 1, 2021.
             Slain by a goblin (3 damage)
             ... led by Robin
             ... on level 2 of the Dungeon.
             The game lasted 00:05:40 (1753 turns).

swashedbuckles the Slasher (Demonspawn Gladiator)   Turns: 1753, Time: 00:05:41

Health: -1/34      AC:  5    Str: 15    XL:     4   Next: 81%
Magic:  4/4        EV: 11    Int: 10    God:
Gold:   120        SH:  0    Dex: 14    Spells: 3/3 levels left

rFire   . . .      SeeInvis .   a - +0 long sword
rCold   . . .      Faith    .   (no shield)
rNeg    . . .      Spirit   .   h - +0 ring mail
rPois   .          Reflect  .   (helmet restricted)
rElec   .          Harm     .   (no cloak)
rCorr   .          Rampage  .   (no gloves)
Will    .....                   (no boots)
Stlth   +.........              (no amulet)
HPRegen 0.11/turn               (no ring)
MPRegen 0.09/turn               (no ring)

@: no status effects
A: horns 1, ignite blood 1
a: no special abilities


You were on level 2 of the Dungeon.
You visited 1 branch of the dungeon, and saw 2 of its levels.

You collected 120 gold pieces.

Inventory:

Hand Weapons
 a - a +0 long sword (weapon)
Missiles
 d - 3 throwing nets
 k - 12 poisoned darts (quivered)
Armour
 h - a +0 ring mail (worn)
Wands
 j - a wand of polymorph (12)
Scrolls
 c - a scroll of teleportation {unknown}
 e - 3 scrolls of identify
Potions
 b - a potion of heal wounds
 f - a potion of brilliance {unknown}
 g - a potion of resistance {unknown}
 i - a potion of attraction {unknown}


   Skills:
 + Level 2.5 Fighting
 + Level 4.0 Long Blades
 + Level 2.1 Throwing
 + Level 1.3 Armour
 + Level 3.1 Dodging
 + Level 0.2 Stealth


You had 3 spell levels left.
You didn't know any spells.
Your spell library contained the following spells:

 Spells                   Type           Power      Damage    Failure   Level
 Ozocubu's Armour         Ice            0%         N/A       91%         3
 Summon Ice Beast         Ice/Summ       0%         N/A       100%        4
 Metabolic Englaciation   Hex/Ice        0%         N/A       100%        5
 Summon Mana Viper        Hex/Summ       0%         N/A       100%        5
 Simulacrum               Ice/Necr       0%         N/A       100%        6
 Monstrous Menagerie      Summ           0%         N/A       100%        7


Dungeon Overview and Level Annotations

Branches:
Dungeon (2/15)

Altars:
Beogh

Annotations:
D:2 Robin


Innate Abilities, Weirdness & Mutations

You have a pair of small horns on your head.
Your demonic aura sometimes causes spilled blood to erupt in flames.


Message History

The goblin closely misses you. The goblin barely misses you. x2
The goblin hits you with a +0 club. x2
Unknown command.
You hit the goblin but do no damage. You headbutt the goblin.
You kill the goblin!
Robin throws the goblin at you! The goblin completely misses you.
The goblin hits you with a +0 club. The goblin barely misses you.
You barely miss the goblin.
The hobgoblin shouts!
The goblin hits you with a +0 club. x2; The goblin hits you with a +0 dagger.
* * * LOW HITPOINT WARNING * * *
Unknown command.
You slash the goblin!
You kill the goblin!
The goblin hits you with a +0 club.
* * * LOW HITPOINT WARNING * * *
The goblin hits you with a +0 dagger.
* * * LOW HITPOINT WARNING * * *
Unknown command.
You miss the goblin. The goblin hits you but does no damage.
The goblin closely misses you.
Unknown command.
You hit the goblin but do no damage.
You kill the goblin!
The goblin hits you but does no damage. Robin throws the goblin at you!
The goblin hits you with a +0 club.
* * * LOW HITPOINT WARNING * * *
Robin closely misses you.
Items here: )))) †††.
Unknown command.
Unknown command.
You hit Robin but do no damage. You headbutt Robin.
Robin is moderately wounded.
Robin hits you with a +0 mace.
* * * LOW HITPOINT WARNING * * *
The goblin hits you but does no damage.
You hit Robin.
Robin is heavily wounded.
Robin hits you but does no damage. The goblin hits you with a +0 club.
You die...

#.# ########
#######.# ......
......>.. #..#
#####>. #..#
##...##
#..#########.###.#
#)).)........# #..
#g##########.###..
#@# ##..†#. #g#
##.##. #g# #.##.
#.# #.##. #>#
#.... #.# #....
... ..... ...
#.... #....


You could see Robin, a hobgoblin (strong) and a goblin (strong).

Vanquished Creatures
  Crazy Yiuf (D:2)
  Terence (D:2)
  An adder (D:2)
  A worm (D:2)
  2 dart slugs (D:1)
  An orc (D:2)
  4 ball pythons (D:1)
  3 bats
  5 giant cockroaches (D:1)
  10 goblins
  9 hobgoblins
  A jackal (D:1)
  2 kobolds (D:1)
  A quokka (D:2)
  A frilled lizard (D:2)
  2 rats (D:1)
45 creatures vanquished.

Notes
Turn   | Place    | Note
-------+----------+-------------------------------------------
     0 | D:1      | swashedbuckles the Demonspawn Gladiator began the quest for
                  | the Orb.
     0 | D:1      | Reached XP level 1. HP: 16/16 MP: 1/1
   332 | D:1      | Gained mutation: Your demonic aura sometimes causes spilled
                  | blood to erupt in flames. [demonic ancestry]
   332 | D:1      | Reached XP level 2. HP: 21/22 MP: 2/2
   547 | D:1      | Reached skill level 3 in Long Blades
   808 | D:1      | Reached XP level 3. HP: 18/27 MP: 3/3
  1122 | D:1      | Found a faded altar of an unknown god.
  1351 | D:2      | Found a runed translucent door.
  1352 | D:2      | Noticed Crazy Yiuf
  1357 | D:2      | Killed Crazy Yiuf
  1358 | D:2      | Reached skill level 1 in Armour
  1442 | D:2      | Gained mutation: You have a pair of small horns on your
                  | head. [demonic ancestry]
  1442 | D:2      | Reached XP level 4. HP: 34/34 MP: 4/4
  1605 | D:2      | Noticed Terence
  1611 | D:2      | Killed Terence
  1733 | D:2      | Noticed Robin
  1739 | D:2      | Reached skill level 4 in Long Blades
  1753 | D:2      | Slain by a goblin

Illustrated notes

Levels and vault maps discovered:
D:1:      sevenhm_arrival_forest_fort_large_4, layout_loops_ring,
          hellmonk_ecumenical_altar_defaced_shrine, minmay_split_cup_small
D:2:      layout_loops_ring, dk_noncrumbling_4, uniq_terence, uniq_robin,
          uniq_crazy_yiuf_cottage

Skill      XL: |  1  2  3  4 |
---------------+-------------+-----
Throwing       | 2 |  2.1
Long Blades    | 3 4 |  4.0
Armour         | 1 |  1.3
Dodging        | 3 |  3.1
Fighting       | |  2.5
Stealth        | |  0.2

Action                   |  1- 3 |  4- 6 || total
-------------------------+-------+-------++-------
Melee: Long sword        |    96 |    48 ||   144
       Headbutt          |       |     8 ||     8
Throw: Dart              |       |     3 ||     3
  Use: Scroll            |     3 |       ||     3
Armor: Leather armour    |    15 |       ||    15
       Ring mail         |    33 |    20 ||    53
Dodge: Dodged            |    78 |    39 ||   117

Table legend: (Time is in decaauts)
 A = Elapsed time spent in this place.
 B = Non-inter-level travel time spent in this place.
 C = Inter-level travel time spent in this place.
 D = Time resting spent in this place.
 E = Time spent auto-exploring this place.
 F = Levels seen in this place.
 G = Mean time per level.
                   A        B        C        D        E       F      G
               +--------+--------+--------+--------+--------+-----+--------+
         Total |   1785 |   1739 |     46 |      0 |   1071 |   2 |  892.5 |
       Dungeon |   1785 |   1739 |     46 |      0 |   1071 |   2 |  892.5 |
               +--------+--------+--------+--------+--------+-----+--------+

Top non-repeatable levels by time:
     D:1: 1297 daAuts
     D:2: 487 daAuts
